 Dungeon Crawl Stone Soup version 0.28-a0-79-g444c7a33f5 (webtiles) character file.

Game seed: 14093778963218668467

3171 mcsnuffy the Thaumaturge (level 9, 29/54 HPs)
             Began as a Deep Elf Hedge Wizard on Aug 3, 2021.
             Was an Initiate of Vehumet.
             Quit the game on level 8 of the Dungeon.
             The game lasted 00:37:50 (10963 turns).

mcsnuffy the Thaumaturge (Deep Elf Hedge Wizard)   Turns: 10963, Time: 00:37:51

Health: 29/54      AC:  4    Str:  7    XL:     9   Next: 63%
Magic:  6/24       EV: 14    Int: 23    God:    Vehumet [......]
Gold:   512        SH:  0    Dex: 14    Spells: 14/26 levels left

rFire   . . .      SeeInvis .   b - staff of conjuration {!a}
rCold   . . .      Faith    .   (no shield)
rNeg    . . .      Spirit   .   w - +0 robe
rPois   .          Reflect  .   i - +0 helmet
rElec   .          Harm     .   (no cloak)
rCorr   .          Rampage  .   (no gloves)
Will    .....                   l - +0 pair of boots
Stlth   +++.......              (no amulet)
HPRegen 0.18/turn               (no ring)
MPRegen 0.19/turn               (no ring)

@: no status effects
A: no striking features
a: Renounce Religion


You were on level 8 of the Dungeon.
You worshipped Vehumet.
Vehumet was noncommittal.
You visited 2 branches of the dungeon, and saw 9 of its levels.

You collected 512 gold pieces.


   Skills:
 - Level 5.0 Fighting
 - Level 3.0 Bows
 - Level 6.0 Dodging
 - Level 5.0 Stealth
 - Level 9.0 Spellcasting
 - Level 5.0 Conjurations
 - Level 6.3 Hexes
 + Level 4.9 Summonings
 - Level 1.1 Translocations
 - Level 2.0 Evocations


You had 14 spell levels left.
You knew the following spells:

 Your Spells              Type           Power      Damage    Failure   Level
a - Apportation           Tloc           30%        N/A       4%          1
c - Mephitic Cloud        Conj/Pois/Air  27%        N/A       10%         3
e - Animate Skeleton      Necr           20%        N/A       6%          1
i - Call Imp              Summ           33%        N/A       1%          2
m - Magic Dart            Conj           100%       1d8       1%          1
s - Slow                  Hex            39%        N/A       1%          2
B - Blink                 Tloc           N/A        N/A       6%          2

Your spell library contained the following spells:

 Spells                   Type           Power      Damage    Failure   Level
 Corona                   Hex            43%        N/A       1%          1
 Summon Small Mammal      Summ           100%       N/A       1%          1
 Conjure Flame            Conj/Fire      32%        6-21      7%          3

Inventory:

Hand Weapons
 a - a +3 shortbow
 A - a +0 dagger
Missiles
 f - 27 poisoned darts
 g - 2 datura-tipped darts
 B - 90 arrows
Armour
 c - a +0 hat
 i - a +0 helmet (worn)
 l - a +0 pair of boots (worn)
 w - a +0 robe (worn)
Magical Staves
 b - a staff of conjuration (weapon) {!a}
 v - a staff of cold {!a}
Jewellery
 F - a ring of fire
Wands
 z - a wand of iceblast (10)
Scrolls
 h - 2 scrolls of enchant weapon
 j - a scroll of acquirement {unknown}
 m - a scroll of silence {unknown}
 n - a scroll of blinking {unknown}
 o - a scroll of brand weapon {unknown}
 s - a scroll of noise {unknown}
 t - 2 scrolls of teleportation {@r2}
 x - 2 scrolls of enchant armour {unknown}
 y - 2 scrolls of fear
 C - a scroll of vulnerability {unknown}
Potions
 d - 3 potions of curing {@q1}
 e - 3 potions of resistance {unknown}
 k - 2 potions of degeneration {unknown}
 q - 4 potions of attraction {unknown}
 r - 2 potions of brilliance {unknown}
 u - a potion of might {unknown}

Dungeon Overview and Level Annotations

Branches:
Dungeon (8/15)             Temple (1/1) D:6
   Lair: D:8-11

Altars:
Ashenzari
Elyvilon
Kikubaaqudgha
Makhleb
Vehumet
Wu Jian
The Shining One

Shops:
D:1 *

Annotations:
D:4 2 transporters, Phlounder's ghost, amateur DECj

...^...#> # ......#.
... ......## #...
.....#.##. #....
#.....#...
..#..##........#
............#...
....#.@......#
.......S......#
.......lZ..#..###
....#..Z.........
.##.........[....
#......5........
.................P.
.#.....5........P.P
##
.##..........#......


You could see a water moccasin, a wyvern, a wyvern zombie (ally target), a
hornet zombie and 2 friendly crimson imps.


Message History

The wyvern zombie is moderately damaged.
The iceblast engulfs the wyvern!
You kill the wyvern!
Vehumet accepts your kill.
You hear a bellow! x2
The water moccasin barely misses you.
Your crimson imp closely misses the water moccasin.
Casting: Blink (safe; 6% risk of failure)
Confirm with . or Enter, or press ? or * to list all spells.
You blink.
Found a chain mail.
Aiming: Iceblast
Press: ? - help, Shift-Dir - straight line, p - water moccasin
Okay, then.
Casting: Blink (safe; 6% risk of failure)
Confirm with . or Enter, or press ? or * to list all spells.
You can't see any susceptible monsters within range! (Use Z to cast anyway.)
Casting: Blink (safe; 6% risk of failure)
Confirm with . or Enter, or press ? or * to list all spells.
A beastly little devil appears in a puff of flame.
Casting: Call Imp (safe; 1% risk of failure)
Confirm with . or Enter, or press ? or * to list all spells.
You can't see any susceptible monsters within range! (Use Z to cast anyway.)
You feel a surge of power!
The magic dart hits the water moccasin.
You kill the water moccasin!
Vehumet accepts your kill.
Training target 5.0 for Stealth reached!
Your Stealth skill increases to level 5!
Found an escape hatch in the floor.
Are you sure you want to abandon this character and quit the game? (Confirm with "yes".)

Skill      XL: |  1  2  3  4  5  6  7  8  9 |
---------------+----------------------------+-----
Conjurations   | 2 3 4 5 |  5.0
Spellcasting   | 6 9 |  9.0
Fighting       | 1 3 5 |  5.0
Dodging        | 4 6 |  6.0
Stealth        | 3 4 5 |  5.0
Summonings     | 3 4 |  4.9
Hexes          | 5 6 |  6.3
Evocations     | 2 |  2.0
Bows           | 2 3 |  3.0
Translocations | |  1.1

Action                   |  1- 3 |  4- 6 |  7- 9 || total
-------------------------+-------+-------+-------++-------
Melee: Dagger            |    11 |       |     6 ||    17
 Fire: Shortbow          |       |       |    37 ||    37
Throw: Dart              |       |       |    14 ||    14
 Cast: Magic Dart        |    97 |   158 |   282 ||   537
       Call Imp          |       |     5 |    62 ||    67
       Blink             |       |     2 |    17 ||    19
       Mephitic Cloud    |       |       |    11 ||    11
       Slow              |       |       |     7 ||     7
Evoke: Wand              |       |       |     4 ||     4
  Use: Potion            |       |     1 |     1 ||     2
       Scroll            |       |       |     3 ||     3
Armor: Robe              |     2 |     7 |    38 ||    47
Dodge: Dodged            |    12 |    28 |   100 ||   140

Levels and vault maps discovered:
D:1:      lordsloth_arrival_two_stooges, layout_rooms, serial_shops,
          shop_fountains
D:2:      layout_basic, dreamdust_ecumenical_altar_sealed_demon,
          kennysheep_generic_room_12
D:3:      layout_rooms, corner_web_ring, uniq_robin
D:4:      layout_basic, gammafunk_ghost_mausoleum, serial_bayou_pond_d,
          uniq_pikel, uniq_sigmund
D:5:      layout_rooms, mainiacjoe_overflow_six_doors_small
D:6:      minmay_evil_eye, layout_gridville,
          mainiacjoe_overflow_concentric_impassable,
          minmay_temple_entry_enclosed_plants, uniq_grinder, uniq_duvessa,
          uniq_blork_the_orc
D:7:      layout_basic
D:8:      layout_layer_cave, mainiacjoe_overflow_catch_the_wave,
          mainiacjoe_overflow_tiny_flanked, minmay_lair_entry_grove,
          enter_bailey_2
Temple:   bh_familiar_temple

Notes
Turn   | Place    | Note
-------+----------+-------------------------------------------
     0 | D:1      | mcsnuffy the Deep Elf Hedge Wizard began the quest for the
                  | Orb.
     0 | D:1      | Reached XP level 1. HP: 10/10 MP: 7/7
   139 | D:1      | Found Umotoeh's Assorted Antiques.
   226 | D:1      | Reached skill level 2 in Conjurations
   298 | D:1      | Reached XP level 2. HP: 15/15 MP: 6/9
   489 | D:1      | Reached skill level 3 in Conjurations
   862 | D:2      | Learned a level 2 spell: Blink
   865 | D:2      | Learned a level 2 spell: Slow
   931 | D:2      | Found a faded altar of an unknown god.
   931 | D:2      | Noticed a shadow demon
  1013 | D:2      | Reached XP level 3. HP: 19/19 MP: 7/10
  1251 | D:2      | Reached skill level 4 in Conjurations
  1863 | D:2      | Reached XP level 4. HP: 24/24 MP: 10/12
  2273 | D:3      | Noticed Robin
  2468 | D:3      | Killed Robin
  2749 | D:3      | Reached skill level 5 in Conjurations
  2864 | D:3      | You fall into a shaft and drop 1 floor!
  2941 | D:4      | Noticed a lemure
  2943 | D:4      | Noticed a lemure
  2943 | D:4      | Noticed Pikel
  3224 | D:3      | Noticed a necrophage
  3246 | D:3      | Killed a necrophage
  3247 | D:3      | Reached skill level 6 in Spellcasting
  3247 | D:3      | Reached XP level 5. HP: 25/28 MP: 1/15
  3473 | D:4      | Learned a level 3 spell: Mephitic Cloud
  3634 | D:4      | Reached skill level 1 in Fighting
  3751 | D:4      | Noticed a lemure
  3767 | D:5      | Entered Level 5 of the Dungeon
  3851 | D:5      | Reached XP level 6. HP: 33/35 MP: 10/17
  3967 | D:5      | Reached skill level 2 in Fighting
  4355 | D:4      | Learned a level 2 spell: Call Imp
  4369 | D:4      | Reached skill level 3 in Fighting
  4443 | D:4      | Noticed Sigmund
  4462 | D:4      | Killed Sigmund
  4463 | D:4      | Reached skill level 3 in Dodging
  4568 | D:4      | Reached skill level 4 in Dodging
  4715 | D:5      | Reached skill level 3 in Stealth
  4715 | D:5      | Reached XP level 7. HP: 41/41 MP: 11/18
  4952 | D:5      | Found a glowing golden altar of the Shining One.
  4995 | D:5      | Reached skill level 4 in Stealth
  5832 | D:3      | Killed Pikel
  5833 | D:3      | Reached skill level 3 in Summonings
  5833 | D:3      | Reached skill level 5 in Hexes
  5833 | D:3      | Reached XP level 8. HP: 20/46 MP: 1/19
  6114 | D:4      | Found a transporter.
  6115 | D:4      | Noticed Phlounder's ghost (amateur DECj)
  6146 | D:4      | Found a transporter.
  6750 | D:6      | Reached skill level 6 in Hexes
  6914 | D:6      | Noticed Dowan
  7265 | D:7      | Noticed a hornet
  7372 | D:7      | Reached skill level 4 in Fighting
  7658 | D:7      | Killed a hornet
  7796 | D:7      | Reached skill level 5 in Dodging
  7982 | D:6      | Noticed Grinder
  8407 | D:6      | Noticed Duvessa
  8409 | D:6      | Reached skill level 5 in Fighting
  8409 | D:6      | Reached skill level 6 in Dodging
  8409 | D:6      | Reached skill level 1 in Evocations
  8427 | D:6      | Killed Duvessa
  8428 | D:6      | Reached skill level 2 in Evocations
  8438 | D:6      | Killed Dowan
  8439 | D:6      | Reached skill level 1 in Bows
  8471 | D:6      | Reached skill level 2 in Bows
  8471 | D:6      | Reached XP level 9. HP: 54/54 MP: 7/20
  8488 | D:6      | Reached skill level 3 in Bows
  8774 | D:6      | Found a staircase to the Ecumenical Temple.
  8780 | Temple   | Entered the Ecumenical Temple
  8803 | Temple   | Became a worshipper of Vehumet
  8855 | D:6      | Reached skill level 7 in Spellcasting
  9433 | D:6      | Reached skill level 8 in Spellcasting
  9508 | D:6      | Found a broken altar of Ashenzari.
  9516 | D:6      | Paralysed by Grinder for 5 turns
  9542 | D:6      | Killed Grinder
  9724 | D:6      | Noticed Blork the orc
  9754 | D:6      | Killed Blork the orc
  9755 | D:6      | Reached skill level 9 in Spellcasting
 10125 | D:7      | Learned a level 1 spell: Apportation
 10127 | D:7      | Learned a level 1 spell: Animate Skeleton
 10166 | D:7      | HP: 3/54 [hornet zombie (5)]
 10447 | D:7      | Reached skill level 4 in Summonings
 10877 | D:8      | Found an ancient bone altar of Kikubaaqudgha.
 10957 | D:8      | Reached skill level 5 in Stealth
 10963 | D:8      | Quit the game

Vanquished Creatures
  Pikel (D:3)
  A wyvern (D:8)
  3 water moccasins
  Duvessa (D:6)
  A hornet zombie (D:7)
  2 ice beasts (D:6)
  A necrophage (D:3)
  3 lemures
  A centaur (D:6)
  2 phantoms (D:6)
  A bullfrog (D:7)
  3 scorpions
  Dowan (D:6)
  2 howler monkeys
  4 centaur zombies
  2 orc priests (D:6)
  3 centaur skeletons
  2 hounds
  5 jellies
  An iguana (D:4)
  An orc wizard (D:6)
  Robin (D:3)
  7 adders
  A howler monkey skeleton (D:5)
  2 ufetubi
  3 worms
  2 dart slugs
  9 orcs
  7 ball pythons
  6 endoplasms
  A giant cockroach (D:1)
  17 goblins
  4 hobgoblins
  7 jackals
  3 quokkas
  5 bats
  5 frilled lizards
  7 kobolds
  7 rats
135 creatures vanquished.

Vanquished Creatures (collateral kills)
  A hornet (D:7)
  Grinder (D:6)
  Sigmund (D:4)
  2 water moccasins
  A black bear (D:6)
  Blork the orc (D:6)
7 creatures vanquished.

Vanquished Creatures (others)
  26 fungi (D:8)
  5 plants (D:8)
31 creatures vanquished.

Grand Total: 173 creatures vanquished

Table legend: (Time is in decaauts)
 A = Elapsed time spent in this place.
 B = Non-inter-level travel time spent in this place.
 C = Inter-level travel time spent in this place.
 D = Time resting spent in this place.
 E = Time spent auto-exploring this place.
 F = Levels seen in this place.
 G = Mean time per level.
                   A        B        C        D        E       F      G
               +--------+--------+--------+--------+--------+-----+--------+
         Total |  10985 |  10374 |    611 |   2409 |   5950 |   9 | 1220.6 |
       Dungeon |  10950 |  10351 |    599 |   2409 |   5934 |   8 | 1368.8 |
        Temple |     35 |     23 |     12 |      0 |     16 |   1 |   35.0 |
               +--------+--------+--------+--------+--------+-----+--------+

Top non-repeatable levels by time:
     D:3: 2035 daAuts
     D:6: 1944 daAuts
     D:2: 1576 daAuts
     D:7: 1567 daAuts
     D:5: 1434 daAuts
     D:4: 1337 daAuts
     D:1: 860 daAuts
     D:8: 193 daAuts
  Temple: 35 daAuts

Table legend:
 A = Non-vault XP
 B = Vault XP
 C = Vault XP percentage of total XP
 D = Non-vault monster count
 E = Vault monster count
 F = Vault count percentage of total count
                 A         B        C        D         E       F
            +---------+---------+-------+---------+---------+-------
      Total |    2768 |    1762 |  38.9 |     114 |      25 |  18.0
            +---------+---------+-------+---------+---------+-------
        D:1 |      36 |       0 |   0.0 |      23 |       0 |   0.0
        D:2 |      62 |       2 |   3.1 |      19 |       1 |   5.0
        D:3 |     163 |     629 |  79.4 |      18 |      12 |  40.0
        D:4 |     149 |     116 |  43.8 |      12 |       1 |   7.7
        D:5 |     349 |       0 |   0.0 |      11 |       0 |   0.0
        D:6 |    1199 |     558 |  31.8 |      21 |       8 |  27.6
        D:7 |     810 |       0 |   0.0 |      10 |       0 |   0.0
        D:8 |       0 |     457 | 100.0 |       0 |       3 | 100.0
            +---------+---------+-------+---------+---------+-------
